 Dungeon Crawl Stone Soup version 0.29.1-13-g9f3cf754e1 (webtiles) character file.

Game seed: 1440438987868580221

1465 RapScallion the Covert (level 8, -4/39 HPs)
             Began as a Spriggan Brigand on Jan 20, 2023.
             Was a Follower of Wu Jian.
             Slain by a killer bee (8 damage)
             ... on level 7 of the Dungeon.
             The game lasted 00:36:46 (8887 turns).

RapScallion the Covert (Spriggan Brigand)           Turns: 8887, Time: 00:36:47

Health: -4/39      AC:  6    Str:  7    XL:     8   Next: 48%
Magic:  11/11      EV: 19    Int: 15    God:    Wu Jian [*.....]
Gold:   400        SH:  0    Dex: 16    Spells: 9/10 levels left

rFire   . . .      SeeInvis +   a - +3 dagger
rCold   . . .      Faith    .   (no shield)
rNeg    . . .      Spirit   .   q - +0 steam dragon scales
rPois   .          Reflect  .   (helmet restricted)
rElec   .          Harm     .   c - +0 cloak
rCorr   .          Rampage  .   (gloves unavailable)
Will    +....                   (boots unavailable)
Stlth   +++++.....              (no amulet)
HPRegen 0.13/turn               (no ring)
MPRegen 0.12/turn               (no ring)

@: lethally poisoned (-4 -> -22), very quick
A: very small, no large weapons, unfitting armour, see invisible, speed 3
a: Renounce Religion


You were on level 7 of the Dungeon.
You worshipped Wu Jian.
Wu Jian was aware of your devotion.
You visited 2 branches of the dungeon, and saw 9 of its levels.

You collected 400 gold pieces.

Inventory:

Hand Weapons
 a - a +3 dagger (weapon)
Missiles
 d - 25 poisoned darts (quivered)
 e - 6 curare-tipped darts
Armour
 b - a +0 robe
 c - a +0 cloak (worn)
 q - +0 steam dragon scales (worn)
Wands
 i - a wand of charming (7)
Scrolls
 h - a scroll of enchant weapon
 m - 2 scrolls of teleportation
Potions
 f - 2 potions of lignification
 g - a potion of cancellation {unknown}
 j - a potion of mutation
 k - 2 potions of might
 l - a potion of berserk rage
 n - a potion of haste {unknown}
 o - a potion of heal wounds
 p - a potion of invisibility {unknown}
 r - a potion of magic {unknown}


   Skills:
 + Level 2.8 Fighting
 + Level 6.2 Short Blades
 + Level 3.1 Throwing
 + Level 5.4 Dodging
 + Level 11.7 Stealth
 + Level 1.9 Spellcasting
 + Level 0.9 Summonings


You had 9 spell levels left.
You knew the following spells:

 Your Spells              Type           Power      Damage    Failure   Level
a - Summon Small Mammal   Summ           16%        N/A       16%         1

Your spell library contained the following spells:

 Spells                   Type           Power      Damage    Failure   Level
 Slow                     Hex            4%         N/A       22%         1
 Call Canine Familiar     Summ           4%         N/A       41%         3
 Summon Guardian Golem    Hex/Summ       2%         N/A       50%         3
 Confusing Touch          Hex            1%         N/A       56%         3
 Frozen Ramparts          Ice            2%         1d1       56%         3
 Inner Flame              Hex/Fire       1%         N/A       56%         3
 Portal Projectile        Hex/Tloc       2%         N/A       56%         3
 Vampiric Draining        Necr           1%         2d6       56%         3
 Summon Ice Beast         Ice/Summ       2%         N/A       88%         4
 Cause Fear               Hex            0%         N/A       92%         4
 Ice Form                 Ice/Tmut       1%         N/A       92%         4
 Leda's Liquefaction      Hex/Erth       0%         N/A       92%         4
 Discord                  Hex            0%         N/A       100%        8


Dungeon Overview and Level Annotations

Branches:
Dungeon (8/15)             Temple (1/1) D:4
   Lair: D:8-11

Altars:
Ashenzari
Dithmenos
Fedhas
Gozag
Hepliaklqana
Kikubaaqudgha
Makhleb
Nemelex Xobeh
Ru
Sif Muna
Trog
Vehumet
Wu Jian
Yredelemnul
Zin
The Shining One

Shops:
D:2 !

Annotations:
D:4 Blork the orc
D:5 3 runed translucent doors, Dvallin's ghost, weakling KoDe
D:6 Pikel


Innate Abilities, Weirdness & Mutations

You are very small and have problems with some larger weapons.
You are too small for most types of armour.
You have supernaturally acute eyesight. (SInv)
You cover ground extremely quickly. (Speed+++)


Message History

The killer bee is moderately wounded.
You feel sick. The killer bee closely misses you. x2
You hit the killer bee.
The killer bee is heavily wounded.
You feel sick. The killer bee misses you.
You hit the killer bee.
The killer bee is heavily wounded.
You feel sick. The killer bee stings you.
You are more poisoned.
The killer bee poisons you!
You hit the killer bee but do no damage.
The killer bee is heavily wounded.
You feel sick. The killer bee stings you.
You are more poisoned.
The killer bee poisons you! The killer bee misses you.
You hit the killer bee.
The killer bee is severely wounded.
You feel very sick. The killer bee misses you.
You miss the killer bee.
The killer bee is severely wounded.
You feel very sick. The killer bee misses you.
You closely miss the killer bee.
The killer bee is severely wounded.
You feel sick. The killer bee misses you. x2
You closely miss the killer bee.
The killer bee is severely wounded.
You feel sick. The killer bee stings you.
* * * LOW HITPOINT WARNING * * *
You are more poisoned.
The killer bee poisons you!
You hit the killer bee.
The killer bee is almost dead.
* * * LOW HITPOINT WARNING * * *
You feel very sick. The killer bee stings you.
* * * LOW HITPOINT WARNING * * *
The killer bee stings you!
You die...

##.##.###.####.######
###....###.## #......#
#.......§[..# ######.#
..≈≈≈≈≈≈§≈≈.# #.#
).≈.......§.# #.#
#.§.#####.§.# #.#
#.≈.....#.≈.# #.# ########
#.≈.#._.#.≈.########.#
#.......
#.§.#.....≈....y@....#
#.######
#.≈.#####.≈.########.### #.#
#.≈.......§.# #......# #.#
..≈≈≈≈≈≈≈≈≈.# #.##.#.# #.#
............#####....#.###g#
...........................#
##.########.###.#..#...###.#
#.# #<# #.#..#...# #.# #.#
#.# #.#..#...###.#


You could see a killer bee.

Vanquished Creatures
  A steam dragon (D:7)
  A water moccasin (D:6)
  An ice beast (D:6)
  A sky beast (D:6)
  3 black bears
  4 ogres
  2 lemures (D:6)
  A scorpion (D:7)
  A howler monkey (D:4)
  A hound (D:7)
  Jessica (D:2)
  An iguana (D:5)
  An orc wizard (D:7)
  7 gnolls
  9 adders
  2 shadow imps (D:6)
  A white imp (D:7)
  3 dart slugs
  6 orcs
  3 endoplasms
  3 giant cockroaches
  9 hobgoblins
  4 kobolds
  3 quokkas
  7 ball pythons
  5 bats
  2 frilled lizards (D:1)
  4 goblins
  A rat (D:1)
88 creatures vanquished.

Vanquished Creatures (others)
  9 fungi (D:5)
9 creatures vanquished.

Grand Total: 97 creatures vanquished

Notes
Turn   | Place    | Note
-------+----------+-------------------------------------------
     0 | D:1      | RapScallion the Spriggan Brigand began the quest for the
                  | Orb.
     0 | D:1      | Reached XP level 1. HP: 10/10 MP: 2/2
    70 | D:1      | Reached skill level 6 in Stealth
   221 | D:1      | Reached XP level 2. HP: 14/14 MP: 3/3
   865 | D:1      | Reached skill level 7 in Stealth
  1082 | D:1      | Reached XP level 3. HP: 12/18 MP: 4/4
  1266 | D:2      | Found Gufoph's Distillery.
  1393 | D:2      | Noticed Jessica
  1711 | D:2      | Found a faded altar of an unknown god.
  1726 | D:2      | Killed Jessica
  2156 | D:3      | Reached XP level 4. HP: 14/23 MP: 5/5
  3911 | D:4      | Learned a level 1 spell: Summon Small Mammal
  3955 | D:4      | Found a staircase to the Ecumenical Temple.
  3967 | Temple   | Entered the Ecumenical Temple
  3989 | Temple   | Became a worshipper of the Wu Jian Council
  4065 | D:4      | Found a shadowy altar of Dithmenos.
  4075 | D:4      | Noticed Blork the orc
  4181 | D:4      | Noticed a scorpion
  4252 | D:4      | Reached XP level 5. HP: 15/26 MP: 6/6
  4865 | D:4      | Noticed an ice beast
  4978 | D:5      | Entered Level 5 of the Dungeon
  5012 | D:4      | Reached skill level 8 in Stealth
  5956 | D:5      | Found a radiant altar of Vehumet.
  5988 | D:5      | Found a runed translucent gate.
  6003 | D:5      | Found a runed translucent gate.
  6004 | D:5      | Found a runed translucent gate.
  6005 | D:5      | Noticed an acid dragon
  6010 | D:5      | Noticed Dvallin's ghost (weakling KoDe)
  6053 | D:5      | Noticed an ogre
  6111 | D:5      | Reached XP level 6. HP: 30/30 MP: 7/7
  6187 | D:5      | Reached skill level 9 in Stealth
  6510 | D:5      | Reached skill level 1 in Spellcasting
  6510 | D:5      | Reached XP level 7. HP: 35/35 MP: 9/9
  6578 | D:6      | Reached skill level 5 in Short Blades
  6865 | D:6      | Reached skill level 10 in Stealth
  7006 | D:6      | Noticed Pikel
  7212 | D:6      | Reached skill level 5 in Dodging
  7212 | D:6      | Reached XP level 8. HP: 39/39 MP: 11/11
  7429 | D:7      | Found a sparkling altar of Nemelex Xobeh.
  7463 | D:7      | Found a blossoming altar of Fedhas.
  7869 | D:7      | Reached skill level 11 in Stealth
  8598 | D:7      | Reached * piety under Wu Jian
  8887 | D:7      | Slain by a killer bee

Illustrated notes

Levels and vault maps discovered:
D:1:      eino_arrival_druids_welcome, layout_loops_ring, minmay_pentomino_x4
D:2:      layout_loops_ring, chequers_ecumenical_altar_simple, serial_shops,
          nicolae_shop_stone, uniq_jessica
D:3:      layout_loops_ring, serial_co_window_serial,
          co_window_of_opportunity_a, co_window_paths_a, co_window_paths_a,
          co_window_paths_a, co_window_paths_b, co_window_broadway_c,
          co_window_broadway_c, co_window_broadway_c, co_window_2corner,
          glass_columns_c, glass_columns_a, glass_columns_b
D:4:      layout_cave_pods, nicolae_dithmenos_the_darkroom,
          minmay_temple_entry_glass, uniq_blork_the_orc
D:5:      layout_cave_pools, mainiacjoe_overflow_chevrons,
          lightli_ossuary_entry_decrepit_ruins, gammafunk_ghost_split
D:6:      layout_loops_ring, uniq_pikel
D:7:      layout_loops_ring, mainiacjoe_overflow_brackets,
          nemelex_xobeh_ov_fountains_minmay
D:8:      layout_basic, kennysheep_slug_shrine, grunt_qazlal_clouds,
          nicolae_elyvilon_temple_path
Temple:   chequers_temple_sunken

Skill      XL: |  1  2  3  4  5  6  7  8 |
---------------+-------------------------+-----
Stealth        | 6 7 8 9 10 11 | 11.7
Dodging        | 2 3 4 5 |  5.4
Short Blades   | 3 4 5 6 |  6.2
Fighting       | 2 |  2.8
Spellcasting   | 1 |  1.9
Throwing       | 3 |  3.1
Summonings     | |  0.9

Action                   |  1- 3 |  4- 6 |  7- 9 || total
-------------------------+-------+-------+-------++-------
Melee: Dagger            |    88 |   164 |   110 ||   362
       Punch             |     1 |     1 |     1 ||     3
Throw: Dart              |    12 |    13 |       ||    25
 Cast: Summon Small Mamm |       |     4 |     1 ||     5
Invok: Lunge             |       |     9 |     9 ||    18
  Use: Scroll            |       |    12 |     1 ||    13
       Potion            |       |       |     1 ||     1
 Stab: Sleeping          |     9 |     8 |     8 ||    25
       Distracted        |       |     1 |     3 ||     4
Armor: Robe              |    18 |    13 |     4 ||    35
       Steam dragon scal |       |       |     5 ||     5
Dodge: Dodged            |    67 |   112 |    64 ||   243
